Map: Lerilak Crest

Players

JeaL

  • Race: Protoss Protoss
  • League: Master

GerichRail (Rail) - Winner!

  • Race: Protoss Protoss

Event: DreamHack ZOWIE Open Leipzig

VOD

Have the link to the VOD?

Description

Time

  • Played on: Jan. 22, 2016, 8:26 a.m.
  • Length: 4:59

All games in this series

Show
View Real Time Build Order
Export as new Build Order

JeaL Protoss 

Build Orders:  

Get SALT Encoding   

  12  0:01  Probe (Chrono Boost)  
  13  0:11  Probe (Chrono Boost)  
  14  0:17  Pylon  
  14  0:22  Probe (Chrono Boost)  
  15  0:35  Probe (Chrono Boost)  
  16  0:37  Gateway  
  16  0:46  Probe (Chrono Boost)  
  16  0:47  Assimilator  
  17  0:56  Probe (Chrono Boost)  
  18  0:58  Pylon  
  18  1:07  Probe (Chrono Boost)  
  19  1:17  Probe (Chrono Boost)  
  20  1:28  Cybernetics Core, Zealot (Chrono Boost)  
  20  1:30  Probe (Chrono Boost)  
  23  1:43  Probe  
  24  1:55  Probe (Chrono Boost)  
  24  1:56  Nexus  
  25  2:07  Mothership Core (Chrono Boost), Warp Gate (Chrono Boost)  
  27  2:21  Gateway  
  27  2:24  Stalker  
  27  2:27  Probe  
  30  2:34  Assimilator  
  30  2:43  Pylon  
  30  2:49  Gateway  
  30  3:00  Probe  
  30  3:01  Stalker  
  33  3:10  Stalker  
  35  3:17  Pylon  
  35  3:26  Gateway  
  35  3:32  Stalker (Chrono Boost)  
  37  3:35  Probe  
  37  3:37  Probe  
  39  3:47  Probe  
  40  3:56  Robotics Facility  
  40  3:58  Stalker  
  42  4:05  Stalker  
  36  4:24  Stalker  
  34  4:31  Mothership Core (Chrono Boost)  
  34  4:34  Stalker x2  
  34  4:38  Stalker  
  35  4:50  Zealot  
  35  4:55  Stalker  
Show
View Real Time Build Order
Export as new Build Order

GerichRail Protoss - Winner!

Build Orders:  

Get SALT Encoding   

  12  0:01  Probe (Chrono Boost)  
  13  0:11  Probe (Chrono Boost)  
  14  0:17  Pylon  
  14  0:22  Probe (Chrono Boost)  
  15  0:36  Probe (Chrono Boost)  
  15  0:38  Gateway  
  16  0:46  Probe (Chrono Boost)  
  16  0:49  Assimilator  
  17  0:54  Assimilator  
  18  0:57  Probe (Chrono Boost)  
  18  1:02  Assimilator  
  18  1:07  Probe (Chrono Boost)  
  19  1:16  Gateway  
  19  1:20  Probe (Chrono Boost)  
  20  1:29  Cybernetics Core  
  20  1:35  Probe (Chrono Boost)  
  21  1:45  Probe (Chrono Boost)  
  22  1:48  Pylon  
  22  1:56  Probe (Chrono Boost)  
  23  2:07  Warp Gate (Chrono Boost)  
  25  2:09  Stalker (Chrono Boost)  
  25  2:12  Stalker (Chrono Boost)  
  27  2:18  Pylon  
  27  2:36  Robotics Facility  
  27  2:38  Stalker (Chrono Boost)  
  29  2:47  Stalker  
  29  2:50  Probe  
  32  3:02  Gateway  
  32  3:10  Pylon  
  32  3:25  Immortal (Chrono Boost)  
  36  3:34  Gateway  
  36  4:00  Immortal (Chrono Boost)  
  40  4:02  Stalker  
  40  4:04  Stalker  
  44  4:10  Mothership Core  
  46  4:44  Pylon  
  44  4:56  Stalker x3  

Tags
 
Add a new tag
Caveats
  • Supply blocks, unpowered buildings, or Contaminate may cause inaccurate times.
  • Supply counts are checked every 10 seconds.